 Dungeon Crawl Stone Soup version 0.22-b1-21-g5cfc168 (webtiles) character file.

1640 tev the Cleaver (level 8, 0/71 HPs)
             Began as a Minotaur Berserker on Aug 5, 2018.
             Was a High Priest of Trog.
             Slain by an iguana (5 damage)
             ... on level 6 of the Dungeon.
             The game lasted 00:22:02 (5601 turns).

tev the Cleaver (Minotaur Berserker)                Turns: 5601, Time: 00:22:02

Health: 0/71       AC: 13    Str: 24    XL:     8   Next: 66%
Magic:  7/7        EV:  8    Int:  4    God:    Trog [*****.]
Gold:   301        SH:  0    Dex: 10    Spells: 7/7 levels left

rFire    + . .     SeeInvis .   a - +0 hand axe
rCold    . . .     Gourm    .   (no shield)
rNeg     . . .     Faith    .   y - +0 plate armour
rPois    .         Spirit   .   (helmet restricted)
rElec    .         Reflect  .   d - +0 cloak
rCorr    .         Harm     .   (no gloves)
MR       .....                  (no boots)
Stlth    ..........             (no amulet)
HPRegen  0.21/turn              s - ring of protection from fire
MPRegen  0.10/turn              (no ring)

@: berserk cooldown, slowed, very slow
A: retaliatory headbutt, horns 2
a: Berserk, Trog's Hand, Brothers in Arms, Renounce Religion


You were on level 6 of the Dungeon.
You worshipped Trog.
Trog was extremely pleased with you.
You were not hungry.

You visited 1 branch of the dungeon, and saw 6 of its levels.
You also visited: Sewer.

You collected 301 gold pieces.

Inventory:

Hand Weapons
 a - a +0 hand axe (weapon)
Armour
 d - a +0 cloak (worn)
 y - a +0 plate armour (worn)
Jewellery
 s - a ring of protection from fire (left hand)
Wands
 j - a wand of paralysis (15)
 u - a wand of enslavement (15)
 z - a wand of flame (29)
Scrolls
 b - 4 scrolls of fear {unknown}
 e - 3 scrolls of blinking {unknown}
 f - 11 scrolls of identify
 i - a scroll of fog {unknown}
 o - 3 scrolls of teleportation {unknown}
 r - 2 scrolls of remove curse
 v - a scroll of immolation {unknown}
 w - a scroll of amnesia {unknown}
 x - 2 scrolls of noise {unknown}
 D - a scroll of enchant weapon {unknown}
Potions
 g - 3 potions of agility {unknown}
 h - a potion of cancellation {unknown}
 k - a potion of ambrosia {unknown}
 l - 6 potions of heal wounds {unknown}
 m - 7 potions of curing
 p - a potion of magic {unknown}
 q - a potion of invisibility {unknown}
 t - 2 potions of lignification {unknown}
 A - 2 potions of brilliance {unknown}
 B - a potion of might {unknown}
 C - a potion of flight {unknown}
Comestibles
 c - 11 rations
 n - 5 chunks of flesh


   Skills:
 + Level 6.5 Fighting
 * Level 10.5 Axes
 + Level 6.0 Armour
 + Level 4.1 Dodging


You had 7 spell levels left.
You didn't know any spells.
Your spell library was empty.

Dungeon Overview and Level Annotations

Branches:
Dungeon (6/15)             Temple (0/1) D:4

Altars:
Makhleb
Zin

Shops:
D:6 *

Annotations:
D:3 1 runed door


Innate Abilities, Weirdness & Mutations

You reflexively headbutt those who attack you in melee.
You have a pair of horns on your head.


Message History

You hit the iguana but do no damage. Your headbutt misses the iguana.
The iguana is almost dead.
The iguana bites you but does no damage.
Your plate armour prevents you from hitting the iguana.
You headbutt the iguana, but do no damage.
The iguana is almost dead.
The iguana bites you.
* * * LOW HITPOINT WARNING * * *
The iguana bites you.
* * * LOW HITPOINT WARNING * * *
You feel better.
The iguana bites you but does no damage.
You hit the iguana but do no damage.
The iguana is almost dead.
The iguana bites you.
* * * LOW HITPOINT WARNING * * *
Your plate armour prevents you from hitting the iguana.
The iguana is almost dead.
The iguana bites you.
You die...

########.##.#########.......#####
............#########..[......
............÷.....(.'......>##
#....§...........#.##......##
##...............#.##......#
#.≈.∩.≈.#.......#.#######.#
#.......#.....(.#.# .#
#...#...#......)#.#.# #
#.......#......@'...#
##.######......l#.### #.#
#........... #. ##..#####'### #.
....# ... ...... ... ..... ...
###


You could see an iguana.

Vanquished Creatures
  Edmund (D:6)
  2 ogres
  2 centaurs (D:5)
  A big kobold (Sewer)
  Blork the orc (D:5)
  A bullfrog (D:6)
  A scorpion (D:5)
  A howler monkey (D:6)
  A crimson imp (D:5)
  A hound (D:4)
  A jelly (D:6)
  An orc wizard (D:3)
  A bullfrog skeleton (D:4)
  3 worker ants (D:4)
  Natasha (thrice) (D:2)
  Ijyb (D:5)
  A killer bee zombie (D:5)
  6 river rats
  11 adders
  8 gnolls
  2 shadow imps
  2 oozes (D:3)
  2 adder zombies
  An adder skeleton (D:4)
  3 worms
  6 leopard geckos
  12 orcs
  A bat skeleton (D:2)
  10 giant cockroaches
  12 goblins
  4 hobgoblins
  4 jackals
  24 kobolds
  2 quokkas (D:4)
  9 ball pythons
  5 bats
  10 frilled lizards
  A giant cockroach zombie (D:2)
  32 rats
190 creatures vanquished.

Vanquished Creatures (collateral kills)
  Prince Ribbit (D:5)
1 creature vanquished.

Grand Total: 191 creatures vanquished

Notes
Turn   | Place    | Note
-------+----------+-------------------------------------------
     0 | D:1      | tev the Minotaur Berserker began the quest for the Orb.
     0 | D:1      | Reached XP level 1. HP: 19/19 MP: 0/0
    46 | D:1      | Reached XP level 2. HP: 18/27 MP: 1/1
   175 | D:1      | Reached skill level 4 in Axes
   578 | D:1      | Reached ** piety under Trog
   578 | D:1      | Reached XP level 3. HP: 19/33 MP: 2/2
   812 | D:2      | Noticed Natasha
   820 | D:2      | Killed Natasha
   820 | D:2      | Reached skill level 5 in Axes
   820 | D:2      | Reached XP level 4. HP: 25/40 MP: 3/3
  1126 | D:2      | Noticed Natasha
  1134 | D:2      | Killed Natasha
  1524 | D:2      | Noticed Natasha
  1537 | D:2      | Killed Natasha
  1537 | D:2      | Reached XP level 5. HP: 34/47 MP: 4/4
  1606 | D:3      | Noticed an ogre
  1615 | D:3      | Killed an ogre
  1615 | D:3      | Reached skill level 5 in Fighting
  1615 | D:3      | Reached skill level 6 in Axes
  1615 | D:3      | Reached XP level 6. HP: 56/56 MP: 5/5
  1959 | D:3      | Found a glowing silver altar of Zin.
  1959 | D:3      | Noticed an angel
  1964 | D:3      | Found a runed door.
  1971 | D:3      | Reached *** piety under Trog
  2526 | D:4      | Found a staircase to the Ecumenical Temple.
  2768 | D:4      | Reached skill level 7 in Axes
  3212 | D:4      | Reached XP level 7. HP: 55/61 MP: 6/6
  3858 | D:5      | Entered Level 5 of the Dungeon
  4015 | D:5      | Reached **** piety under Trog
  4015 | D:5      | Reached skill level 8 in Axes
  4221 | D:5      | Noticed Ijyb
  4229 | D:5      | Killed Ijyb
  4233 | D:5      | Found a burning altar of Makhleb.
  4240 | D:5      | Noticed Blork the orc
  4244 | D:5      | Killed Blork the orc
  4244 | D:5      | Reached skill level 5 in Armour
  4296 | D:5      | Found a glowing drain.
  4305 | Sewer    | Entered a sewer
  4345 | Sewer    | Reached XP level 8. HP: 64/70 MP: 7/7
  4520 | Sewer    | Reached skill level 9 in Axes
  4561 | Sewer    | Reached ***** piety under Trog
  4879 | D:5      | Noticed Prince Ribbit
  4891 | D:5      | Killed Prince Ribbit
  5445 | D:6      | Found Xaiguax's Elemental Accessories.
  5472 | D:6      | Noticed Edmund
  5481 | D:6      | Killed Edmund
  5481 | D:6      | Reached skill level 10 in Axes
  5598 | D:6      | HP: 1/71 [iguana (6)]
  5601 | D:6      | Slain by an iguana

Skill      XL: |  1  2  3  4  5  6  7  8 |
---------------+-------------------------+-----
Axes           | 4 5 6 7 8 10 | 10.5
Fighting       | 4 5 6 |  6.5
Dodging        | 3 4 |  4.1
Armour         | 3 4 5 6 |  6.0

Action                   |  1- 3 |  4- 6 |  7- 9 || total
-------------------------+-------+-------+-------++-------
Melee: Hand axe          |    73 |   168 |   224 ||   465
       Headbutt          |     7 |    29 |    50 ||    86
Invok: Berserk           |       |     1 |     3 ||     4
       Trog's Hand       |       |       |     2 ||     2
       Brothers in Arms  |       |       |     1 ||     1
  Use: Scroll            |       |     2 |       ||     2
       Potion            |       |       |     1 ||     1
 Stab: Sleeping          |     1 |       |       ||     1
  Eat: Chunk             |       |     8 |    12 ||    20
Armor: Animal skin       |    17 |       |       ||    17
       Ring mail         |       |    58 |     3 ||    61
       Plate armour      |       |       |   132 ||   132
Dodge: Dodged            |    52 |   102 |    77 ||   231
